 Dungeon Crawl Stone Soup version 0.27-a0-1060-gcb85b5eba1 (webtiles) character file.

Game seed: 8265494173375965239

30703 Essalna the Thaumaturge (level 13, -3/78 HPs)
             Began as a Deep Elf Earth Elementalist on Apr 13, 2021.
             Was an Elder of Vehumet.
             Slain by a cane toad (8 damage)
             ... on level 5 of the Lair of Beasts on Apr 21, 2021.
             The game lasted 00:56:13 (22208 turns).

Essalna the Thaumaturge (DEEE)                     Turns: 22208, Time: 00:56:14

Health: -3/78      AC: 13    Str:  5    XL:     13   Next: 22%
Magic:  28/32      EV: 16    Int: 26    God:    Vehumet [****..]
Gold:   647        SH:  0    Dex: 15    Spells: 23/39 levels left

rFire    . . .     SeeInvis .   a - +9 staff of Olgreb {rPois∞}
rCold    + . .     Faith    .   (no shield)
rNeg     . . .     Spirit   .   o - +1 leather armour {rPois}
rPois    ∞         Reflect  .   q - +0 helmet
rElec    .         Harm     .   J - +1 cloak
rCorr    .         Rampage  .   (no gloves)
Will     +....                  z - +0 pair of boots
Stlth    +.........             N - amulet of magic regeneration
HPRegen  0.23/turn              k - +4 ring of protection
MPRegen  0.48/turn              K - ring of protection from cold

@: about to teleport, very slow
A: no striking features
a: Renounce Religion


You were on level 5 of the Lair of Beasts.
You worshipped Vehumet.
Vehumet was greatly pleased with you.
You visited 3 branches of the dungeon, and saw 16 of its levels.
You also visited: Sewer and Ossuary.

You collected 1022 gold pieces.
You spent 375 gold pieces at shops.

Inventory:

Hand Weapons
 a - the +9 staff of Olgreb (weapon) {rPois∞}
   (You acquired it on level 2 of the Dungeon)

   It may poison the flesh of those it strikes, and is more effective with a
   high Evocations skill.
   It enhances your poison magic.
   It grants immunity to poison.
   It can be evoked to poison those around you for a time.
 d - a +1 dagger of electrocution
 f - a +0 long sword
 C - a +2 war axe of flaming
Missiles
 b - 141 stones
 y - 5 throwing nets
 B - 3 boomerangs of dispersal
 H - a curare-tipped dart
Armour
 c - a +0 robe
 h - a +1 robe of willpower
 o - a +1 leather armour of poison resistance (worn)
 q - a +0 helmet (worn)
 z - a +0 pair of boots (worn)
 A - a +0 troll leather armour
 J - a +1 cloak (worn)
 V - a +3 troll leather armour {Snorg}
Magical Staves
 x - a staff of death
Jewellery
 k - a +4 ring of protection (left hand)
 G - a ring of flight
 K - a ring of protection from cold (right hand)
 N - an amulet of magic regeneration (around neck)
Wands
 p - a wand of acid (37)
 u - a wand of polymorph (9)
 Q - a wand of paralysis (8)
Scrolls
 g - a scroll of magic mapping
 l - 3 scrolls of fog
 m - 2 scrolls of vulnerability
 r - 4 scrolls of blinking
 t - 2 scrolls of teleportation
 v - 14 scrolls of identify
 F - 2 scrolls of amnesia
 L - 3 scrolls of enchant weapon {unknown}
 M - 2 scrolls of fear
 O - 2 scrolls of brand weapon {unknown}
 P - a scroll of enchant armour {unknown}
 R - a scroll of acquirement
 U - a scroll of summoning {unknown}
Potions
 e - 3 potions of resistance
 i - 3 potions of haste
 j - 9 potions of curing
 n - 5 potions of mutation {unknown}
 s - 2 potions of might {unknown}
 w - 4 potions of heal wounds {unknown}
 D - 4 potions of attraction {unknown}
 E - a potion of ambrosia {unknown}
 I - a potion of degeneration {unknown}
 S - 2 potions of berserk rage {unknown}
 T - a potion of flight


   Skills:
 + Level 8.0 Fighting
 - Level 4.0 Armour
 + Level 11.6 Dodging
 - Level 2.4 Stealth
 + Level 13.7 Spellcasting
 - Level 3.0 Conjurations
 - Level 1.1 Transmutations
 + Level 5.3 Ice Magic
 + Level 12.0 Earth Magic
 - Level 8.0 Evocations


You had 23 spell levels left.
You knew the following spells:

 Your Spells              Type           Power      Damage    Failure   Level
a - Sandblast             Erth           100%       2d20      1%          1
b - Stone Arrow           Conj/Erth      100%       3d13      1%          3
c - Lee's Rapid Deconstr  Erth           34%        3d18*     1%          5
d - Ozocubu's Refrigerat  Ice            22%        4d9       71%         7

Your spell library contained the following spells:

 Spells                   Type           Power      Damage    Failure   Level
 Hailstorm                Conj/Ice       39%        3d9       2%          4
 Magic Dart               Conj           100%       1d8       1%          1
 Shock                    Conj/Air       100%       1d9       1%          1
 Passwall                 Tmut/Erth      42%        N/A       1%          2
 Searing Ray              Conj           66%        3d5       1%          2
 Static Discharge         Conj/Air       25%        N/A       1%          2
 Ensorcelled Hibernation  Hex/Ice        62%        N/A       2%          2
 Dazzling Flash           Conj/Hex       50%        N/A       2%          3
 Petrify                  Tmut/Erth      51%        N/A       3%          4
 Animate Skeleton         Necr           34%        N/A       4%          1
 Corona                   Hex            18%        N/A       4%          1
 Pain                     Necr           68%        1d7       4%          1
 Animate Armour           Summ/Erth      98%        N/A       4%          4
 Fulminant Prism          Conj/Hex       12%        3d9       7%          4
 Iskenderun's Mystic Bla  Conj/Tloc      25%        2d7       7%          4
 Spider Form              Tmut/Pois      15%        N/A       12%         3
 Borgnjor's Vile Clutch   Necr/Erth      24%        N/A       12%         5
 Airstrike                Air            8%         N/A       13%         4
 Confusing Touch          Hex            17%        N/A       14%         3
 Swiftness                Air            17%        N/A       14%         3
 Tukima's Dance           Hex            17%        N/A       14%         3
 Vampiric Draining        Necr           8%         2d7       14%         3
 Lightning Bolt           Conj/Air       12%        1d26      19%         5
 Animate Dead             Necr           8%         N/A       43%         4
 Alistair's Intoxication  Tmut/Pois      20%        N/A       73%         5
 Agony                    Necr           17%        N/A       80%         5
 Silence                  Hex/Air        8%         N/A       80%         5
 Simulacrum               Ice/Necr       15%        N/A       94%         6
 Death Channel            Necr           8%         N/A       100%        6
 Shadow Creatures         Summ           N/A        N/A       100%        6


Dungeon Overview and Level Annotations

Branches:
Dungeon (10/15)            Temple (1/1) D:5            Lair (5/6) D:10
 Shoals (0/4) Lair:3       Spider (0/4) Lair:3        Sewer (visited)
Ossuary (visited)
  Slime: Lair:5-6       Orc: D:9-12

Altars:
Ashenzari
Cheibriados
Dithmenos
Elyvilon
Fedhas
Gozag
Hepliaklqana
Kikubaaqudgha
Makhleb
Nemelex Xobeh
Okawaru
Qazlal
Ru
Sif Muna
Trog
Uskayaw
Vehumet
Wu Jian
Xom
Yredelemnul
Zin
The Shining One

Shops:
D:5 ?   D:6 *

Annotations:
D:8 Gastronok
D:9 1 runed translucent door, Ghazghkull's ghost, journeyman FoFi
Lair:5 Sonja


Message History

The elephant looks even sicker.
The dream sheep looks as sick as possible!
The cane toad stings you. The dream sheep misses you.
You sock the dream sheep!
You kill the dream sheep!
Vehumet accepts your kill.
You feel your power returning.
The dream sheep looks as sick as possible!
The dream sheep looks even sicker.
The elephant looks as sick as possible!
The elephant looks even sicker.
The elephant looks as sick as possible!
The dream sheep ruffle their wool and motes of dream dust sparkle, to no effect.
The cane toad stings you.
The dream sheep shake their wool and sparkle.
You feel drowsy...
You fall asleep.
The cane toad misses you.
Your Earth Magic skill increases to level 12!
The dream sheep looks as sick as possible!
The dream sheep looks even sicker.
The elephant looks even sicker.
Your toxic aura wanes.
The elephant closely misses you. The elephant completely misses you.
An elephant comes into view.
The cane toad closely misses you.
Sonja, the Graceful Assassin comes into view.
She is wielding a +2 dagger of venom and quivering curare-tipped darts.
The elephant tramples you!!
You wake up.
You stumble backwards!
As you read the scroll of fog, it crumbles to dust.
The scroll dissolves into smoke.
The elephant tramples you!
* * * LOW HITPOINT WARNING * * *
You stumble backwards!
Splash!
You fall into the shallow water.
Moving in this stuff is going to be slow.
You hear a trumpeting!
Okay, then.
As you read the scroll of teleportation, it crumbles to dust.
You feel strangely unstable. The cane toad stings you!
* * * LOW HITPOINT WARNING * * *
The elephant barely misses you. The elephant trunk-slaps you.
* * * LOW HITPOINT WARNING * * *
The cane toad stings you!
You die...

###........##
##.....[.....#
♣.....#....###
♣♣.P♣♣....##
♣P≈♣♣♣♣.P##
♣♣≈♣♣♣.###
♣♣≈♣♣.♣#
###♣♣♣♣♣≈≈♣♣♣♣
#.#P@♣♣.≈.≈≈♣≈♣
#.YYF§≈≈.≈≈≈≈≈..
#..#§§§§P.≈.≈♣PP♣♣
#.#Y§.♣♣♣♣♣♣≈♣♣♣♣♣
..YY.Y. ♣≈P♣
......Y... ♣≈P♣
........... .≈♣♣
.K.......... .♣
.Y.........##


You could see an elephant (very poisoned), a cane toad and a dream sheep
(extremely poisoned).

Vanquished Creatures
  Snorg (Lair:5)
  Harold (D:8)
  A hydra (Lair:4)
  A two-headed ogre (D:9)
  Urug (D:10)
  3 elephants (Lair:5)
  Maurice (D:8)
  2 black mambas
  2 molten gargoyles (Lair:5)
  Maggie (D:8)
  10 cane toads
  7 komodo dragons
  2 rime drakes
  3 polar bears
  3 jumping spiders (Lair:3)
  2 trolls
  7 blink frogs
  5 dream sheep
  Sigmund (D:2)
  A redback (Lair:3)
  A wraith (D:10)
  47 yaks
  2 wyverns
  3 basilisks
  3 vampire mosquitoes (D:10)
  Grum (D:8)
  An acid dragon (D:9)
  9 water moccasins
  6 orc warriors
  3 ice beasts
  A sky beast (D:8)
  A necrophage (D:7)
  An ogre (D:5)
  3 black bears
  7 centaurs
  2 wolves (D:8)
  2 phantoms
  3 elf zombies (Ossuary)
  15 bullfrogs
  2 kobold brigands
  2 gnoll sergeants
  2 scorpions (D:6)
  An electric eel (Lair:3)
  5 lava snakes (Lair:5)
  6 centaur zombies
  A centaur skeleton (D:6)
  9 orc priests
  2 bullfrog skeletons
  A jelly (D:6)
  4 iguanas
  Jessica (D:3)
  7 hell rats (Lair:3)
  10 orc wizards
  2 mummies (Ossuary)
  14 gnolls
  10 adders
  A howler monkey skeleton (D:4)
  A white imp (D:7)
  An adder zombie (Ossuary)
  2 worms
  3 dart slugs
  44 orcs
  26 ball pythons
  17 endoplasms
  15 giant cockroaches
  3 goblins
  3 hobgoblins
  2 jackals (D:1)
  14 quokkas
  8 bats
  16 frilled lizards
  2 goblin zombies (Ossuary)
  11 hobgoblin zombies (Ossuary)
  A jackal zombie (Ossuary)
  17 kobolds
  10 kobold zombies (Ossuary)
  6 orc zombies (Ossuary)
  10 rats
458 creatures vanquished.

Vanquished Creatures (others)
  9 fungi
  8 plants
17 creatures vanquished.

Grand Total: 475 creatures vanquished

Notes
Turn   | Place    | Note
-------+----------+-------------------------------------------
     0 | D:1      | Essalna the Deep Elf Earth Elementalist began the quest for
                  | the Orb.
     0 | D:1      | Reached XP level 1. HP: 10/10 MP: 6/6
   254 | D:1      | Reached XP level 2. HP: 14/15 MP: 4/8
   691 | D:1      | Reached skill level 4 in Spellcasting
   729 | D:1      | Found a faded altar of an unknown god.
   985 | D:2      | Reached XP level 3. HP: 19/19 MP: 7/10
   989 | D:2      | Learned a level 3 spell: Stone Arrow
  1133 | D:2      | Noticed Sigmund
  1141 | D:2      | Killed Sigmund
  1142 | D:2      | Reached skill level 5 in Spellcasting
  1142 | D:2      | Reached skill level 5 in Earth Magic
  1142 | D:2      | Reached XP level 4. HP: 22/24 MP: 7/13
  1142 | D:2      | Reached XP level 5. HP: 26/28 MP: 7/14
  1411 | D:2      | Identified a scroll of acquirement
  1411 | D:2      | Acquired the +9 staff of Olgreb {rPois∞}
  1412 | D:2      | Found the +9 staff of Olgreb {rPois∞}
  2198 | D:3      | Noticed Jessica
  2203 | D:3      | Killed Jessica
  2371 | D:3      | Reached XP level 6. HP: 27/32 MP: 11/16
  2375 | D:3      | Reached skill level 1 in Evocations
  2567 | D:3      | Noticed an ice beast
  2578 | D:3      | Killed an ice beast
  2579 | D:3      | Reached skill level 1 in Armour
  3149 | D:4      | Reached skill level 6 in Spellcasting
  3223 | D:4      | Found a glowing drain.
  3228 | Sewer    | Entered a sewer
  4031 | Sewer    | Reached XP level 7. HP: 36/36 MP: 12/18
  5639 | D:4      | Learned a level 5 spell: Lee's Rapid Deconstruction
  5640 | D:5      | Entered Level 5 of the Dungeon
  5967 | D:5      | Found a staircase to the Ecumenical Temple.
  5977 | Temple   | Entered the Ecumenical Temple
  6076 | Temple   | Became a worshipper of Vehumet
  6103 | D:5      | Reached skill level 7 in Spellcasting
  6551 | D:5      | Reached XP level 8. HP: 42/42 MP: 10/20
  6780 | D:5      | Found Zousakhu's Magic Scroll Shop.
  7148 | D:6      | Found a hide-covered altar of Uskayaw.
  7148 | D:6      | Noticed a +0 dagger
  7148 | D:6      | Noticed a +0 hand axe
  7168 | D:6      | Reached skill level 1 in Fighting
  7631 | D:6      | Found Iny Goz's Assorted Antiques.
  7645 | D:6      | Bought a leatherbound book for 375 gold pieces
  7703 | D:6      | Reached skill level 8 in Spellcasting
  7854 | D:6      | Found a bloodstained altar of Trog.
  8080 | D:7      | Reached * piety under Vehumet
  8080 | D:7      | Offered knowledge of Freeze by Vehumet.
  8368 | D:7      | Found a glowing golden altar of the Shining One.
  8373 | D:7      | Reached XP level 9. HP: 48/48 MP: 13/23
  9503 | D:8      | Reached skill level 5 in Evocations
  9539 | D:8      | Noticed Gastronok
  9672 | D:8      | Found a sand-covered staircase.
  9674 | D:8      | Noticed Maggie
  9681 | D:8      | Killed Maggie
  9688 | Ossuary  | Entered an ossuary
 10177 | Ossuary  | Reached skill level 5 in Dodging
 10219 | Ossuary  | Reached ** piety under Vehumet
 10272 | Ossuary  | Offered knowledge of Shock by Vehumet.
 10806 | D:8      | Noticed Maurice
 10873 | D:8      | Noticed Grum
 10890 | D:8      | HP: 1/51 [Grum/+0 spear (14)]
 10891 | D:8      | Killed Grum
 10892 | D:8      | Reached skill level 9 in Spellcasting
 11471 | D:8      | Found a sacrificial altar of Ru.
 11664 | D:8      | Killed Maurice
 11665 | D:8      | Reached XP level 10. HP: 49/56 MP: 7/25
 11775 | D:8      | Offered knowledge of Inner Flame by Vehumet.
 11950 | D:8      | Noticed Harold
 11959 | D:8      | Killed Harold
 12224 | D:9      | Reached *** piety under Vehumet
 12481 | D:9      | Found a shimmering blue altar of Sif Muna.
 12511 | D:9      | Found a runed translucent door.
 12513 | D:9      | Noticed a manticore
 12513 | D:9      | Noticed Ghazghkull's ghost (journeyman FoFi)
 12588 | D:9      | Reached skill level 10 in Spellcasting
 12960 | D:10     | Entered Level 10 of the Dungeon
 12969 | D:10     | Identified the +0 scale mail of the Sailor {rElec}
 13487 | D:9      | Found a white marble altar of Elyvilon.
 13945 | D:9      | Noticed a two-headed ogre
 13967 | D:9      | Killed a two-headed ogre
 14205 | D:10     | Reached skill level 5 in Fighting
 14208 | D:10     | Offered knowledge of Conjure Flame by Vehumet.
 14211 | D:10     | Reached XP level 11. HP: 19/63 MP: 3/27
 15379 | D:10     | Noticed Urug
 15388 | D:10     | Killed Urug
 15389 | D:10     | Reached skill level 11 in Spellcasting
 16153 | D:10     | Found a staircase to the Lair.
 16173 | D:10     | Found an ornate altar of the Wu Jian Council.
 16173 | D:10     | Found a hazy altar of Hepliaklqana.
 16253 | Lair:1   | Entered Level 1 of the Lair of Beasts
 16411 | Lair:1   | Reached skill level 10 in Earth Magic
 16737 | Lair:1   | Reached **** piety under Vehumet
 17480 | Lair:1   | Reached skill level 12 in Spellcasting
 17612 | Lair:1   | Upgraded the game from 0.27-a0-972-gd1521fd518 to
                  | 0.27-a0-1060-gcb85b5eba1
 18144 | Lair:2   | Reached XP level 12. HP: 71/71 MP: 22/30
 18392 | Lair:2   | Offered knowledge of Frozen Ramparts by Vehumet.
 18393 | Lair:2   | Reached skill level 10 in Dodging
 18820 | Lair:3   | Identified Potsivur's Incunabulum of Glacial Transmigration
 18830 | Lair:3   | Learned a level 7 spell: Ozocubu's Refrigeration
 19038 | Lair:3   | Found a staircase to the Shoals.
 19298 | Lair:3   | Reached skill level 1 in Ice Magic
 19630 | Lair:3   | Found a hole to the Spider Nest.
 20118 | Lair:4   | Noticed a six-headed hydra
 20122 | Lair:4   | Killed a six-headed hydra
 20399 | Lair:4   | Reached skill level 13 in Spellcasting
 20439 | Lair:4   | Reached ***** piety under Vehumet
 20440 | Lair:4   | Offered knowledge of Hailstorm by Vehumet.
 21492 | Lair:5   | Reached XP level 13. HP: 52/78 MP: 4/32
 21750 | Lair:5   | Reached skill level 5 in Ice Magic
 22076 | Lair:5   | Noticed Snorg
 22081 | Lair:5   | Killed Snorg
 22206 | Lair:5   | Noticed Sonja
 22208 | Lair:5   | Slain by a cane toad

Illustrated notes

Levels and vault maps discovered:
D:1:      tarquinn_simple_flora_water_e, layout_rooms,
          hellmonk_ecumenical_altar_leap_of_faith, palyth_stone_intersect,
          amcnicky_mini_pool_small
D:2:      layout_basic, uniq_sigmund
D:3:      layout_basic, minmay_misc_feat_plants, uniq_jessica
D:4:      layout_cave_pods, portal_sewer_entry_e, serial_park_tiny_2
D:5:      layout_loops_corners, minmay_temple_entry_trees, serial_shops,
          shop_coins
D:6:      layout_rooms, nicolae_overflow_crystal_walls, dancing_weapons_uskayaw,
          serial_shops, shop
D:7:      layout_basic, tso_metal_star, serial_rivers,
          chequers_serial_rivers_micro_d, chequers_serial_rivers_micro_b,
          chequers_serial_rivers_micro_b, chequers_serial_rivers_micro_b,
          chequers_serial_rivers_micro_a, chequers_serial_rivers_small_b,
          kennysheep_nondescript, hangedman_abyss_or_decor_slice, minivault_27
D:8:      layout_rooms, hangedman_ru_absence, enter_ossuary_1, uniq_maggie,
          uniq_gastronok, uniq_grum, uniq_harold, uniq_maurice
D:9:      layout_stronghold, tgw_sif, kennysheep_mini,
          ebering_ghost_inner_flame, minivault_11, grunt_ogre_cave,
          chequers_serial_rivers_micro_d
D:10:     layout_stronghold, gammafunk_temple_overflow_elements,
          lair_entry_dummy, uniq_urug
Temple:   jpeg_temple_clearing
Lair:1:   layout_roguey, chequers_serial_rivers_small_b, serial_bayou_ford_a,
          infiniplex_staircase_pool
Lair:2:   wander_river, layout_cave_pods, infiniplex_staircase_pool_2
Lair:3:   layout_gridlike, minmay_shoals_entry_centaurs,
          nicolae_spider_entry_tight_spaces, grunt_megastairs_2,
          serial_bayou_shore_a
Lair:4:   layout_hall_layers, grunt_megastairs_4
Lair:5:   cheibrodos_magma_flow, layout_hall_layers,
          chequers_serial_rivers_micro_c, chequers_serial_rivers_micro_c,
          serial_bayou_crossing, uniq_sonja, uniq_snorg

Skill      XL: |  1  2  3  4  5  6  7  8  9 10 11 12 13 |
---------------+----------------------------------------+-----
Spellcasting   | 4 5 6 7 8 9 10 12 13 | 13.7
Earth Magic    | 4 5 6 7 8 9 10 11 12 | 12.0
Conjurations   | 2 3 |  3.0
Evocations     | 2 3 4 6 7 8 |  8.0
Armour         | 1 2 3 4 |  4.0
Dodging        | 4 6 7 9 11 | 11.6
Fighting       | 2 3 5 6 7 8 |  8.0
Ice Magic      | 4 5 |  5.3
Stealth        | |  2.4
Transmutations | |  1.1

Action                   |  1- 3 |  4- 6 |  7- 9 | 10-12 | 13-15 || total
-------------------------+-------+-------+-------+-------+-------++-------
Melee: Unarmed           |    10 |       |       |       |       ||    10
       Long sword        |    15 |    20 |       |       |       ||    35
       Staff             |       |    81 |    18 |    88 |    10 ||   197
       Dagger            |       |       |    56 |       |       ||    56
 Cast: Sandblast         |    28 |    33 |    49 |    16 |       ||   126
       Stone Arrow       |       |       |   102 |   199 |    28 ||   329
       Lee's Rapid Decon |       |       |       |     9 |     3 ||    12
Evoke: Staff of Olgreb   |       |    34 |    52 |    85 |     6 ||   177
  Use: Scroll            |       |     3 |    10 |     3 |     2 ||    18
       Potion            |       |     1 |     1 |     3 |       ||     5
 Stab: Sleeping          |     4 |     5 |       |       |       ||     9
Armor: Robe              |     6 |    13 |       |       |       ||    19
       Leather armour    |       |    32 |    30 |    72 |     6 ||   140
       Skin              |       |       |       |     4 |       ||     4
Dodge: Dodged            |    14 |    79 |    93 |   205 |    23 ||   414
       Rpst.: Long sword |     2 |     6 |       |       |       ||     8

Table legend: (Time is in decaauts)
 A = Elapsed time spent in this place.
 B = Non-inter-level travel time spent in this place.
 C = Inter-level travel time spent in this place.
 D = Time resting spent in this place.
 E = Time spent auto-exploring this place.
 F = Levels seen in this place.
 G = Mean time per level.
                   A        B        C        D        E       F      G
               +--------+--------+--------+--------+--------+-----+--------+
         Total |  22427 |  21507 |    920 |    159 |  18554 |  18 | 1245.9 |
       Dungeon |  14092 |  13334 |    758 |    159 |  11635 |  10 | 1409.2 |
        Temple |    114 |     96 |     18 |      0 |     93 |   1 |  114.0 |
          Lair |   6037 |   5893 |    144 |      0 |   5222 |   5 | 1207.4 |
         Sewer |   1230 |   1230 |      0 |      0 |    966 |   1 | 1230.0 |
       Ossuary |    952 |    952 |      0 |      0 |    638 |   1 |  952.0 |
               +--------+--------+--------+--------+--------+-----+--------+

Top non-repeatable levels by time:
     D:9: 2071 daAuts
    D:10: 1990 daAuts
     D:7: 1650 daAuts
     D:8: 1580 daAuts
  Lair:4: 1431 daAuts
  Lair:1: 1413 daAuts
     D:5: 1390 daAuts
     D:4: 1274 daAuts
  Lair:3: 1248 daAuts
   Sewer: 1230 daAuts
     D:2: 1177 daAuts
     D:3: 1098 daAuts
  Lair:2: 1050 daAuts
     D:1: 958 daAuts
 Ossuary: 952 daAuts
